 Dungeon Crawl Stone Soup version 0.30-a0-4-ga7cffc901d (webtiles) character file.

Game seed: 658542422851050012

46 Zeldest the Trooper (level 3, -3/33 HPs)
             Began as a Hill Orc Abyssal Knight on Aug 22, 2022.
             Was a Priest of Lugonu.
             Killed from afar by an orc wizard (4 damage)
             ... with a magic dart
             ... on level 3 of the Dungeon.
             The game lasted 00:02:27 (2183 turns).

Zeldest the Trooper (Hill Orc Abyssal Knight)       Turns: 2183, Time: 00:02:28

Health: -3/33      AC:  8    Str: 14 (17) XL:     3   Next: 68%
Magic:  5/5        EV:  9    Int:  7 (10) God:    Lugonu [***...]
Gold:   223        SH:  2    Dex:  9 (11) Spells: 2/2 levels left

rFire   . . .      SeeInvis .    a - +1 hand axe
rCold   . . .      Faith    .    j - +0 buckler
rNeg    . . .      Spirit   .    m - +0 ring mail
rPois   .          Reflect  .    (no helmet)
rElec   +          Harm     .    (no cloak)
rCorr   .          Rampage  .    (no gloves)
Will    .....                    (no boots)
Stlth   ..........               (no amulet)
HPRegen 0.11/turn                (no ring)
MPRegen 0.09/turn                (no ring)

@: no status effects
A: iridescent scales 1, shaggy fur 1, electricity resistance
a: Renounce Religion, Depart the Abyss, Bend Space, Banish


You were on level 3 of the Dungeon.
You worshipped Lugonu.
Lugonu was most pleased with you.
You visited 1 branch of the dungeon, and saw 3 of its levels.
You visited the Abyss 1 time.

You collected 223 gold pieces.

Inventory:

Hand Weapons
 a - a +1 hand axe (weapon)
Armour
 j - a +0 buckler (worn)
 m - a +0 ring mail (worn)
Jewellery
 p - a ring of see invisible
Wands
 r - a wand of mindburst (15)
Scrolls
 b - a scroll of noise {unknown}
 c - a scroll of teleportation {unknown}
 e - a scroll of butterflies {unknown}
 g - a scroll of summoning {unknown}
 i - a scroll of blinking {unknown}
 k - a scroll of poison {unknown}
 l - 4 scrolls of identify {unknown}
 o - a scroll of enchant weapon {unknown}
Potions
 d - a potion of ambrosia {unknown}
 f - 2 potions of mutation
 h - a potion of curing {unknown}
 n - a potion of degeneration
 q - a potion of brilliance {unknown}


   Skills:
 + Level 3.9 Fighting
 * Level 3.7 Axes
 + Level 2.7 Armour
 - Level 0.7 Dodging
 * Level 3.4 Invocations


You had 2 spell levels left.
You didn't know any spells.
Your spell library contained the following spells:

 Spells                   Type           Power      Damage    Failure   Level
 Beastly Appendage        Tmut           0%         N/A       78%         1
 Wereblood                Tmut           0%         N/A       89%         2
 Spider Form              Tmut/Pois      0%         N/A       98%         3


Dungeon Overview and Level Annotations

Branches:
Dungeon (3/15)

Altars:
Nemelex Xobeh
Ru


Innate Abilities, Weirdness & Mutations

You are partially covered in iridescent scales. (AC +2)
You are covered in fur. (AC +1)
You are resistant to electric shocks. (rElec)


Message History

You hit the orc wizard.
The orc wizard is heavily wounded.
You hit the orc. You hit something. You hit the orc.
You kill the orc!
Lugonu accepts your kill. Something hits you.
You block the orc wizard's attack. The orc hits you with a +0 dagger.
You hit the orc wizard but do no damage.
The orc wizard is heavily wounded.
You hit the orc. You closely miss something. Something completely misses you.
The orc wizard hits you but does no damage.
The orc hits you with a +0 dagger.
You hit the orc wizard.
The orc wizard is heavily wounded.
You barely miss something. You hit the orc.
You kill the orc!
Lugonu accepts your kill. Something hits you but does no damage.
The orc wizard hits you with a +0 dagger.
You hit the orc wizard but do no damage.
The orc wizard is heavily wounded.
You barely miss something. Something completely misses you.
The orc wizard points at you and mumbles some strange words.
The puff of flame hits you!
* * * LOW HITPOINT WARNING * * *
It was a potion of mutation.
You feel extremely strange.
Iridescent scales grow over part of your body.
You feel insulated. Fur sprouts all over your body.
You block something's attack.
The orc wizard hits you with a +0 dagger.
* * * LOW HITPOINT WARNING * * *
Okay, then.
Okay, then.
It was a potion of degeneration.
There was something very wrong with that liquid.
You feel weakened.
You feel dopey.
You feel clumsy. Something hits you but does no damage.
The orc wizard gestures at you while chanting.
The magic dart hits you.
You die...

#########
........#
......{.#
#...#)@#########
......o)........#
.....#..#######.#
.##. #..# #.# ..
....# #.### ..
.....# #...#
###+##### ###.#
##...## #.#
##.....## ### #.#


You could see an orc wizard.

Vanquished Creatures
  3 worms (D:2)
  A dart slug (D:3)
  2 orcs (D:3)
  3 bats (D:1)
  6 endoplasms
  A giant cockroach (D:1)
  A goblin (D:1)
  2 hobgoblins (D:2)
  3 kobolds (D:1)
  2 quokkas (D:1)
  3 ball pythons
  4 rats
31 creatures vanquished.

Vanquished Creatures (others)
  14 plants (D:3)
14 creatures vanquished.

Grand Total: 45 creatures vanquished

Notes
Turn   | Place    | Note
-------+----------+-------------------------------------------
     0 | Abyss:1  | Zeldest the Hill Orc Abyssal Knight began the quest for the
                  | Orb.
     0 | Abyss:1  | Reached XP level 1. HP: 19/19 MP: 2/2
     1 | D:1      | Escaped the Abyss
   335 | D:1      | Reached XP level 2. HP: 27/27 MP: 4/4
   335 | D:1      | Found a faded altar of an unknown god.
  1270 | D:2      | Reached XP level 3. HP: 33/33 MP: 5/5
  2080 | D:3      | Found a sparkling altar of Nemelex Xobeh.
  2112 | D:3      | Found a sacrificial altar of Ru.
  2173 | D:3      | Reached *** piety under Lugonu
  2182 | D:3      | Gained mutation: You are partially covered in iridescent
                  | scales. (AC +2) [potion of mutation]
  2182 | D:3      | Gained mutation: You are resistant to electric shocks.
                  | (rElec) [potion of mutation]
  2182 | D:3      | Gained mutation: You are covered in fur. (AC +1) [potion of
                  | mutation]
  2182 | D:3      | HP: 1/33 [orc wizard/+0 dagger (3)]
  2183 | D:3      | Killed from afar by an orc wizard

Illustrated notes

Levels and vault maps discovered:
D:1:      dpeg_arrival_castle, layout_rooms, ebering_ecumenical_altar_ruins
D:2:      layout_basic, minmay_ruptured
D:3:      layout_loops_corners, mainiacjoe_overflow_catch_the_wave,
          minmay_misc_feat_rows, nrook_loot_triangle, uniq_robin

Skill      XL: |  1  2 |
---------------+-------+-----
Axes           | 3 |  3.7
Invocations    | 3 |  3.4
Fighting       | |  3.9
Armour         | |  2.7
Dodging        | |  0.7

Action                   || total
-------------------------++-------
Melee: Hand axe          ||   124
       Punch             ||     2
  Use: Potion            ||     2
Armor: Leather armour    ||    15
       Ring mail         ||    14
Dodge: Dodged            ||    48
Block: Buckler           ||    11

Table legend: (Time is in decaauts)
 A = Elapsed time spent in this place.
 B = Non-inter-level travel time spent in this place.
 C = Inter-level travel time spent in this place.
 D = Time resting spent in this place.
 E = Time spent auto-exploring this place.
 F = Levels seen in this place.
 G = Mean time per level.
                   A        B        C        D        E       F      G
               +--------+--------+--------+--------+--------+-----+--------+
         Total |   2210 |   2122 |     88 |    769 |    908 |   4 |  552.5 |
       Dungeon |   2209 |   2121 |     88 |    769 |    908 |   3 |  736.3 |
         Abyss |      1 |      1 |      0 |      0 |      0 |   1 |    1.0 |
               +--------+--------+--------+--------+--------+-----+--------+

Top non-repeatable levels by time:
     D:2: 1104 daAuts
     D:1: 891 daAuts
     D:3: 213 daAuts
 Abyss:1: 1 daAuts
